 Dungeon Crawl Stone Soup version 0.27-a0-592-g0306a34022 (webtiles) character file.

Game seed: 17929315856032148645

38 jestyr24 the Sneak (level 3, 0/20 HPs)
             Began as a Kobold Conjurer on Mar 10, 2021.
             Slain by Terence
             ... wielding a +2 mace of protection
              (3 damage)
             ... on level 1 of the Dungeon.
             The game lasted 00:12:41 (1964 turns).

jestyr24 the Sneak (Kobold Conjurer)                Turns: 1964, Time: 00:12:41

Health: 0/20       AC:  3    Str:  4    XL:     3   Next: 65%
Magic:  0/15       EV: 14    Int: 20    God:
Gold:   42         SH:  0    Dex: 13    Spells: 3/6 levels left

rFire    . . .     SeeInvis .   b - +0 dagger
rCold    + . .     Faith    .   (shield restricted)
rNeg     . . .     Spirit   .   a - +0 robe
rPois    .         Reflect  .   (no helmet)
rElec    .         Harm     .   j - +0 cloak
rCorr    .         Rampage  .   (no gloves)
Will     .....                  (no boots)
Stlth    ++++......             (no amulet)
HPRegen  0.06/turn              h - ring of magical power
MPRegen  0.14/turn              g - ring of protection from cold

@: very slightly contaminated
A: small, nightstalker 3
a: no special abilities


You were on level 1 of the Dungeon.
You visited 1 branch of the dungeon, and saw 2 of its levels.

You collected 42 gold pieces.

Inventory:

Hand Weapons
 b - a +0 dagger (weapon)
Missiles
 f - 6 boomerangs
Armour
 a - a +0 robe (worn)
 j - a +0 cloak (worn)
Jewellery
 g - a ring of protection from cold (left hand)
 h - a ring of magical power (right hand)
Wands
 l - a wand of acid (9)
Scrolls
 d - a scroll of fear {unknown}
 e - a scroll of teleportation {unknown}
 i - a scroll of magic mapping {unknown}
Potions
 k - a potion of attraction


   Skills:
 * Level 1.0 Fighting
 * Level 1.1 Short Blades
 * Level 0.3 Throwing
 * Level 2.6 Dodging
 * Level 4.4 Stealth
 - Level 2.1 Spellcasting
 - Level 4.0 Conjurations


You had 3 spell levels left.
You knew the following spells:

 Your Spells              Type           Power      Damage    Failure   Level
a - Magic Dart            Conj           72%        1d6       3%          1
b - Searing Ray           Conj           36%        3d4       4%          2

Your spell library contained the following spells:

 Spells                   Type           Power      Damage    Failure   Level
 Dazzling Flash           Conj/Hex       20%        N/A       21%         3
 Fulminant Prism          Conj/Hex       5%         3d7       56%         4
 Iskenderun's Mystic Bla  Conj/Tloc      10%        2d4       56%         4


Dungeon Overview and Level Annotations

Branches:
Dungeon (2/15)

Altars:

Annotations:
D:1 Terence


Innate Abilities, Weirdness & Mutations

You are small and have problems with some larger weapons.
You are completely attuned to the shadows.


Message History

Terence completely misses you.
The searing ray hits Terence.
Terence is heavily wounded.
You finish channeling your searing ray.
Terence hits you with a +2 mace of protection.
* * * LOW HITPOINT WARNING * * *
Terence barely misses you.
Casting: Searing Ray (safe; 4% risk of failure)
Confirm with . or Enter, or press ? or * to list all spells.
Aiming: Searing Ray (safe; 4% risk of failure)
Press: ? - help, Shift-Dir - straight line, f/p - Terence
Aim: Terence, wielding a +2 mace of protection and wearing a +0 ring mail (heavily wounded, 19% to evade)
The searing ray hits Terence.
Terence is severely wounded. (Press . to maintain the ray.) Terence closely misses you.
There is a stone staircase leading down here.
There is a stone staircase leading up here.
Terence closely misses you.
You climb upwards.
There is a stone staircase leading down here.
You hit Terence but do no damage.
Terence is severely wounded.
You hit Terence.
Terence is severely wounded.
Terence misses you.
You hit Terence but do no damage.
Terence is severely wounded.
Terence hits you with a +2 mace of protection.
* * * LOW HITPOINT WARNING * * *
Casting: Searing Ray (safe; 4% risk of failure)
Confirm with . or Enter, or press ? or * to list all spells.
Aiming: Searing Ray (safe; 4% risk of failure)
Press: ? - help, Shift-Dir - straight line, f - Terence
Aim: Terence, wielding a +2 mace of protection and wearing a +0 ring mail (severely wounded, 19% to evade)
You miscast Searing Ray.
You are very lightly contaminated with residual magic.
Nothing appears to happen.
Terence hits you with a +2 mace of protection.
You die...

.........###..#..#.####.#.#
........## #†.#..#.##...#.#
........# ##.#..#.##.###.#
........#####.##.#.##.# #.#
....###.....)).#.#.##.# #.#
....# #........#.#.##.###.##
#...###..........#.##..)...#
#...##.......##@.#.#########
#...##.......##.@#.####
#...##...........#....#
#...##.....#####.####.#
#####......# #.# #.#
#..#....# #.####.####
###.##....# #.#.......#
#......#..# #.#.##.##.#
#.##.#.##.# #.#.##.##.#
#..#......# #)#.##.##.#


You could see Terence.

Vanquished Creatures
  An ooze (D:2)
  A worm (D:2)
  A dart slug (D:1)
  A ball python (D:1)
  A giant cockroach (D:1)
  2 goblins (D:1)
  5 hobgoblins (D:1)
  2 kobolds (D:1)
  7 bats (D:1)
  6 frilled lizards (D:1)
  2 rats (D:1)
29 creatures vanquished.

Notes
Turn   | Place    | Note
-------+----------+-------------------------------------------
     0 | D:1      | jestyr24 the Kobold Conjurer began the quest for the Orb.
     0 | D:1      | Reached XP level 1. HP: 10/10 MP: 3/3
   482 | D:1      | Reached XP level 2. HP: 3/15 MP: 0/5
   712 | D:1      | Learned a level 2 spell: Searing Ray
  1353 | D:1      | Reached XP level 3. HP: 20/20 MP: 6/6
  1363 | D:1      | Reached skill level 1 in Short Blades
  1812 | D:2      | Reached skill level 1 in Fighting
  1918 | D:2      | Noticed Terence
  1964 | D:1      | Slain by Terence

Illustrated notes

Levels and vault maps discovered:
D:1:      dpeg_arrival_concentric_ovals, layout_basic, minmay_tromino_v4_c
D:2:      layout_loops_ring, uniq_natasha, uniq_terence

Skill      XL: |  1  2  3 |
---------------+----------+-----
Stealth        | 3 4 |  4.4
Short Blades   | 1 |  1.1
Fighting       | 1 |  1.0
Throwing       | |  0.3
Dodging        | |  2.6
Spellcasting   | |  2.1
Conjurations   | |  4.0

Action                   || total
-------------------------++-------
Melee: Dagger            ||    20
 Cast: Magic Dart        ||    20
       Searing Ray       ||    19
  Use: Scroll            ||     1
 Stab: Sleeping          ||     4
Armor: Robe              ||     7
Dodge: Dodged            ||    26

Table legend: (Time is in decaauts)
 A = Elapsed time spent in this place.
 B = Non-inter-level travel time spent in this place.
 C = Inter-level travel time spent in this place.
 D = Time resting spent in this place.
 E = Time spent auto-exploring this place.
 F = Levels seen in this place.
 G = Mean time per level.
                   A        B        C        D        E       F      G
               +--------+--------+--------+--------+--------+-----+--------+
         Total |   1962 |   1954 |      8 |    967 |    313 |   2 |  981.0 |
       Dungeon |   1962 |   1954 |      8 |    967 |    313 |   2 |  981.0 |
               +--------+--------+--------+--------+--------+-----+--------+

Top non-repeatable levels by time:
     D:1: 1801 daAuts
     D:2: 160 daAuts
